 Dungeon Crawl Stone Soup version 0.27-a0-1228-gfd60fd639a (webtiles) character file.

Game seed: 6696869110217182929

19 Wyvernaa the Cudgeller (level 2, -1/18 HPs)
             Began as a Gargoyle Gladiator on June 7, 2021.
             Killed by divine providence
             ... invoked by an orc priest
              (10 damage)
             ... on level 2 of the Dungeon.
             The game lasted 00:01:00 (349 turns).

Wyvernaa the Cudgeller (Gargoyle Gladiator)          Turns: 349, Time: 00:01:01

Health: -1/18      AC:  6    Str: 17    XL:     2   Next: 75%
Magic:  2/2        EV: 12    Int:  8    God:
Gold:   15         SH:  0    Dex: 11    Spells: 1/1 levels left

rFire    . . .     SeeInvis .   a - +0 flail
rCold    . . .     Faith    .   (no shield)
rNeg     + . .     Spirit   .   b - +0 leather armour
rPois    ∞         Reflect  .   c - +0 helmet
rElec    +         Harm     .   (no cloak)
rCorr    .         Rampage  .   (no gloves)
Will     .....                  (no boots)
Stlth    +.........             (no amulet)
HPRegen  0.06/turn              (no ring)
MPRegen  0.08/turn              (no ring)

@: no status effects
A: sickness immunity, AC +2, negative energy resistance 1, electricity
resistance, torment resistance 1, petrification resistance
a: no special abilities


You were on level 2 of the Dungeon.
You visited 1 branch of the dungeon, and saw 2 of its levels.

You collected 15 gold pieces.

Inventory:

Hand Weapons
 a - a +0 flail (weapon)
Missiles
 d - 3 throwing nets (quivered)
Armour
 b - a +0 leather armour (worn)
 c - a +0 helmet (worn)


   Skills:
 + Level 2.3 Fighting
 + Level 3.3 Maces & Flails
 + Level 1.9 Throwing
 + Level 0.2 Armour
 + Level 2.8 Dodging


You had one spell level left.
You didn't know any spells.
Your spell library was empty.

Dungeon Overview and Level Annotations

Branches:
Dungeon (1/15)

Altars:


Innate Abilities, Weirdness & Mutations

You are immune to sickness and miasma.
Your stone body is resilient. (AC +2)
You are immune to poison.
You resist negative energy. (rN+)
You are resistant to electric shocks. (rElec)
You are resistant to unholy torment.
You are immune to petrification.


Message History

You see here an adder corpse.
You start resting.
HP restored.
An orc wizard comes into view. It is wielding a +0 dagger.
The orc wizard shouts!
You hear a shout!
The orc shouts!
The orc wizard gestures at you while chanting.
The puff of flame hits you.
The orc wizard gestures at you while chanting.
You resist with significant effort.
You hear a shout!
You hit the orc wizard but do no damage.
The orc wizard barely misses you.
An orc priest comes into view. It is wielding a +0 club.
You hit the orc.
The orc is almost dead.
The orc priest casts a cantrip, but nothing happens.
You sock the orc!
You kill the orc!
An orc comes into view. It is wielding a +0 whip.
You aren't carrying any scrolls.
You aren't carrying any potions.
Unknown command.
The orc priest hits you with a +0 club.
The orc wizard points at you and mumbles some strange words.
You resist with significant effort.
Things that are here:
a +0 mace; a +0 leather armour; an orc corpse You hit the orc priest.
The orc priest is heavily wounded.
The orc wizard casts a spell.
The orc wizard flickers and vanishes!
Deactivating autopickup; reactivate with Ctrl-A.
You sock the orc!
You kill the orc!
The orc priest closely misses you. Something hits you.
The orc priest invokes the aid of Beogh against you.
Beogh smites you!
Ouch! That really hurt!
You die...

.. #. #.
#. #. #.
#)##
#o@##
##.#.##
##
#...#.#
.#
##...##
.# ##.##
.# #.#
##.## #.#
##...#
#†# .
##.###.##
#.#


You could see an orc priest.

Vanquished Creatures
  An adder (D:2)
  3 orcs (D:2)
  A giant cockroach (D:2)
  3 bats (D:1)
  A frilled lizard (D:2)
  A kobold (D:1)
10 creatures vanquished.

Notes
Turn   | Place    | Note
-------+----------+-------------------------------------------
     0 | D:1      | Wyvernaa the Gargoyle Gladiator began the quest for the
                  | Orb.
     0 | D:1      | Reached XP level 1. HP: 12/12 MP: 1/1
   254 | D:1      | You fall into a shaft and drop 1 floor!
   314 | D:2      | Reached XP level 2. HP: 16/18 MP: 2/2
   349 | D:2      | Killed from afar by an orc priest

Illustrated notes

Levels and vault maps discovered:
D:1:      amcnicky_arrival_underground_garden, layout_loops_ring,
          hellmonk_ecumenical_altar_lost_god
D:2:      layout_loops_ring, minmay_goblin_kobold_house, uniq_robin

Action                   || total
-------------------------++-------
Melee: Flail             ||    62
Armor: Leather armour    ||    36
Dodge: Dodged            ||    66

Table legend: (Time is in decaauts)
 A = Elapsed time spent in this place.
 B = Non-inter-level travel time spent in this place.
 C = Inter-level travel time spent in this place.
 D = Time resting spent in this place.
 E = Time spent auto-exploring this place.
 F = Levels seen in this place.
 G = Mean time per level.
                   A        B        C        D        E       F      G
               +--------+--------+--------+--------+--------+-----+--------+
         Total |    364 |    364 |      0 |    142 |     71 |   2 |  182.0 |
       Dungeon |    364 |    364 |      0 |    142 |     71 |   2 |  182.0 |
               +--------+--------+--------+--------+--------+-----+--------+

Top non-repeatable levels by time:
     D:1: 260 daAuts
     D:2: 104 daAuts
